 Dungeon Crawl Stone Soup version 0.28-a0-773-g130ae17fe5 (webtiles) character file.

Game seed: 11640764692618058710

156 ders the Skirmisher (level 5, -5/35 HPs)
             Began as a Gargoyle Fighter on Nov 2, 2021.
             Was an Initiate of Yredelemnul.
             Blown up by Ijyb (22 damage)
             ... with a mindburst bolt
             ... on level 3 of the Dungeon.
             The game lasted 00:04:00 (2456 turns).

ders the Skirmisher (Gargoyle Fighter)              Turns: 2456, Time: 00:04:00

Health: -5/35      AC: 10    Str: 20    XL:     5   Next: 38%
Magic:  5/5        EV:  9    Int:  9    God:    Yredelemnul [......]
Gold:   100        SH:  4    Dex:  9    Spells: 4/4 levels left

rFire   . . .      SeeInvis +   i - +0 hand axe (vamp)
rCold   . . .      Faith    .   c - +0 buckler
rNeg    + . .      Spirit   .   b - +0 scale mail
rPois   ∞          Reflect  .   (no helmet)
rElec   +          Harm     .   (no cloak)
rCorr   +          Rampage  .   (no gloves)
Will    .....                   (no boots)
Stlth   ..........              (no amulet)
HPRegen 0.11/turn               f - ring of see invisible
MPRegen 0.09/turn               m - ring of resist corrosion

@: no status effects
A: sickness immunity, AC +4, negative energy resistance 1, electricity
resistance, torment resistance 1, petrification resistance
a: Renounce Religion


You were on level 3 of the Dungeon.
You worshipped Yredelemnul.
Yredelemnul was noncommittal.
You visited 1 branch of the dungeon, and saw 3 of its levels.

You collected 136 gold pieces.
You spent 36 gold pieces at shops.

Inventory:

Hand Weapons
 a - a +0 flail
 i - a +0 vampiric hand axe (weapon)
Armour
 b - a +0 scale mail (worn)
 c - a +0 buckler (worn)
Jewellery
 f - a ring of see invisible (left hand)
 m - a ring of resist corrosion (right hand)
Scrolls
 e - a scroll of noise {unknown}
 h - 3 scrolls of identify {unknown}
 k - 2 scrolls of teleportation
 l - a scroll of magic mapping {unknown}
Potions
 d - 2 potions of brilliance {unknown}
 g - a potion of curing
 j - 2 potions of heal wounds {unknown}


   Skills:
 * Level 5.1 Fighting
 * Level 1.8(2.7) Axes
 - Level 3.2(3.6) Maces & Flails
 - Level 3.2 Armour
 - Level 3.2 Shields


You had 4 spell levels left.
You didn't know any spells.
Your spell library contained the following spells:

 Spells                   Type           Power      Damage    Failure   Level
 Summon Guardian Golem    Hex/Summ       0%         N/A       98%         3
 Orb of Destruction       Conj           0%         N/A       100%        7
 Spellforged Servitor     Conj/Summ      0%         N/A       100%        7


Dungeon Overview and Level Annotations

Branches:
Dungeon (3/15)

Altars:
Ru
Yredelemnul

Shops:
D:2 ?(*

Annotations:
D:3 Ijyb


Innate Abilities, Weirdness & Mutations

You are immune to sickness and miasma.
Your stone body is resilient. (AC +4)
You are immune to poison.
You resist negative energy. (rN+)
You are resistant to electric shocks. (rElec)
You are resistant to unholy torment.
You are immune to petrification.


Message History

There is an open door here.
You open the door. You open the door.
There is an open door here.
j - 2 fizzy ruby potions (gained 1)
There is a stone staircase leading down here.
Found 20 arrows.
Found a stone staircase leading up.
Found a stone staircase leading down.
There is a stone staircase leading down here.
A hobgoblin comes into view.
The hobgoblin shouts!
Found a scroll labelled ROGHOG GUTA.
The hobgoblin closely misses you.
You closely miss the hobgoblin. The hobgoblin barely misses you.
You slash the hobgoblin!
You kill the hobgoblin!
Yredelemnul accepts your kill.
No target in view!
No target in view!
No target in view!
No target in view!
No target in view!
You now have 100 gold pieces (gained 5).
h - 3 scrolls labelled ROGHOG GUTA (gained 1) Ijyb the Twisted Goblin comes into view.
She is wielding a +0 club and carrying a wand of mindburst (11).
Found 10 gold pieces.
Ijyb shouts!
An orc comes into view. It is wielding a +0 club.
The orc shouts!
Ijyb zaps a wand.
Your mind is blasted!
Ouch! That really hurt!
* * * LOW HITPOINT WARNING * * *
You are too injured to fight recklessly!
You are too injured to fight recklessly!
It was a potion of curing.
You feel better.
A kobold comes into view. It is wielding a +0 club.
Ijyb zaps a wand.
Your mind is blasted!
Ouch! That really hurt!
You die...

#.....# #.## ........ ###.....#
#..# ........ #.......######.##
#######' #..........# #..# #.
#..........# ##.## #.
#..........####..########.
#..........+..............
#..........#####..####....
#######........@................
#.........#.....#.#####.####....
#.###########.#............<....
........#........#.##.....
#########.............)...
#..g.....♣.♣♣♣.♣♣♣.♣.
.$.......#...♣...♣.♣...♣.
...o.g...###.♣♣♣.♣(♣.♣♣♣.
......(......[.♣.♣.♣.♣...


You could see Ijyb.

Vanquished Creatures
  Terence (D:2)
  4 gnolls (D:3)
  2 adders (D:2)
  A dart slug (D:3)
  2 orcs (D:3)
  6 ball pythons
  6 bats
  8 endoplasms
  A giant cockroach (D:2)
  5 goblins
  7 hobgoblins
  7 quokkas
  9 frilled lizards
  5 kobolds
  5 rats
69 creatures vanquished.

Notes
Turn   | Place    | Note
-------+----------+-------------------------------------------
     0 | D:1      | ders the Gargoyle Fighter began the quest for the Orb.
     0 | D:1      | Reached XP level 1. HP: 14/14 MP: 1/1
   298 | D:1      | Reached XP level 2. HP: 15/19 MP: 2/2
  1052 | D:2      | Reached XP level 3. HP: 24/24 MP: 3/3
  1058 | D:2      | Reached skill level 4 in Fighting
  1086 | D:2      | Noticed Terence
  1345 | D:2      | Killed Terence
  1559 | D:2      | Reached XP level 4. HP: 29/30 MP: 4/4
  1623 | D:2      | Found Oximi's General Store.
  1717 | D:2      | Found a faded altar of an unknown god.
  1750 | D:2      | Found Foroun's Weapon Boutique.
  1845 | D:2      | Found Adwangax's Magic Scroll Emporium.
  1852 | D:2      | Bought a scroll of teleportation for 36 gold pieces
  1872 | D:2      | Reached skill level 1 in Axes
  1951 | D:3      | Found a basalt altar of Yredelemnul.
  1951 | D:3      | Found a sacrificial altar of Ru.
  1959 | D:3      | Became a worshipper of Yredelemnul the Dark
  2010 | D:3      | Reached XP level 5. HP: 30/34 MP: 5/5
  2014 | D:3      | Reached skill level 5 in Fighting
  2449 | D:3      | Noticed Ijyb
  2456 | D:3      | Blown up by Ijyb

Illustrated notes

Levels and vault maps discovered:
D:1:      psy_arrival_dodecagon, layout_basic
D:2:      layout_rooms, shapermc_ecumenical_altar_mp_vishouse, serial_shops,
          nicolae_shop_behind_doors, shop, nicolae_diamond_shop,
          minmay_close_crescents, uniq_terence
D:3:      layout_basic, mainiacjoe_overflow_large_starburst,
          kennysheep_generic_room_8, uniq_ijyb

Skill      XL: |  1  2  3  4  5 |
---------------+----------------+-----
Fighting       | 4 5 |  5.1
Maces & Flails | 3 |  3.2
Axes           | 1 |  1.8
Armour         | |  3.2
Shields        | |  3.2

Action                   |  1- 3 |  4- 6 || total
-------------------------+-------+-------++-------
Melee: Flail             |    78 |    20 ||    98
       Hand axe          |       |   105 ||   105
  Use: Potion            |       |     2 ||     2
Armor: Scale mail        |    44 |    78 ||   122
Dodge: Dodged            |    49 |    69 ||   118
Block: Buckler           |    16 |    33 ||    49

Table legend: (Time is in decaauts)
 A = Elapsed time spent in this place.
 B = Non-inter-level travel time spent in this place.
 C = Inter-level travel time spent in this place.
 D = Time resting spent in this place.
 E = Time spent auto-exploring this place.
 F = Levels seen in this place.
 G = Mean time per level.
                   A        B        C        D        E       F      G
               +--------+--------+--------+--------+--------+-----+--------+
         Total |   2505 |   2468 |     37 |    583 |   1398 |   3 |  835.0 |
       Dungeon |   2505 |   2468 |     37 |    583 |   1398 |   3 |  835.0 |
               +--------+--------+--------+--------+--------+-----+--------+

Top non-repeatable levels by time:
     D:1: 1463 daAuts
     D:3: 525 daAuts
     D:2: 516 daAuts
